 Dungeon Crawl Stone Soup version 0.29.1-15-g9cfb28693d (webtiles) character file.

Game seed: 2257026159269577867

900 croobank the Changer (level 8, 0/54 HPs)
             Began as an Octopode Transmuter on Mar 8, 2023.
             Was an Initiate of Gozag.
             Slain by an ufetubus (4 damage)
             ... on level 5 of the Dungeon.
             The game lasted 00:11:37 (4515 turns).

croobank the Changer (Octopode Transmuter)          Turns: 4515, Time: 00:11:38

Health: 0/54       AC:  1    Str: 16    XL:     8   Next: 7%
Magic:  22/22      EV: 15    Int: 17    God:    Gozag
Gold:   377        SH:  0    Dex: 20    Spells: 11/14 levels left

rFire   x . .      SeeInvis .   u - +3 war axe "Hosuocix" {vorpal, rF- Dex+8 Stlth+}
rCold   . . .      Faith    .   (no shield)
rNeg    . . .      Spirit   .   (helmet restricted)
rPois   .          Reflect  .   (no amulet)
rElec   .          Harm     .   c - ring of magical power
rCorr   .          Rampage  .   i - +6 ring of strength
Will    .....                   (no ring)
Stlth   ++++......              (no ring)
HPRegen 0.18/turn               (no ring)
MPRegen 0.18/turn               (no ring)
                                (no ring)
                                (no ring)

@: gold aura
A: almost no armour, amphibious, 8 rings, camouflage 1, gelatinous body 1,
(nimble swimmer 1), tentacles
a: Renounce Religion, Potion Petition, Call Merchant, Bribe Branch


You were on level 5 of the Dungeon.
You worshipped Gozag.
Gozag was aware of your devotion.
You visited 2 branches of the dungeon, and saw 6 of its levels.

You collected 470 gold pieces.
You paid 93 gold pieces to Gozag.

Inventory:

Hand Weapons
 h - a +0 hand axe
 j - a +3 dagger of electrocution
 p - a +2 whip of draining
 u - the +3 war axe "Hosuocix" (weapon) {vorpal, rF- Dex+8 Stlth+}
   (You found it on level 5 of the Dungeon)

   It inflicts extra damage upon your enemies.
   Dex:       It affects your dexterity (+8).
   rF:        It makes you vulnerable to fire.
   Stlth:     It makes you more stealthy.
 v - a +4 mace
 w - a +0 scimitar
Missiles
 d - a throwing net
Magical Staves
 f - a staff of conjuration
Jewellery
 c - a ring of magical power (left tentacle)
 i - a +6 ring of strength (right tentacle)
 k - the ring "Ymetinwa" {rElec rC+ EV+4 Int-4}
   (You found it on level 4 of the Dungeon)

   [ring of evasion]

   EV:        It affects your evasion (+4).
   Int:       It affects your intelligence (-4).
   rC:        It protects you from cold.
   rElec:     It insulates you from electricity.
 n - a +4 ring of protection
Wands
 m - a wand of flame (11)
Scrolls
 b - 3 scrolls of identify
 t - a scroll of fear
Potions
 a - 2 potions of lignification
 e - a potion of haste
 g - a potion of ambrosia
 o - a potion of magic
 q - a potion of curing
 r - a potion of flight {unknown}


   Skills:
 * Level 3.7 Fighting
 * Level 3.4 Short Blades
 * Level 4.2 Dodging
 - Level 3.1 Unarmed Combat
 * Level 3.9 Spellcasting
 * Level 4.2 Transmutations
 + Level 2.2 Ice Magic


You had 11 spell levels left.
You knew the following spells:

 Your Spells              Type           Power      Damage    Failure   Level
a - Beastly Appendage     Tmut           34%        N/A       2%          1
b - Wereblood             Tmut           17%        N/A       4%          2

Your spell library contained the following spells:

 Spells                   Type           Power      Damage    Failure   Level
 Spider Form              Tmut/Pois      10%        N/A       21%         3
 Ice Form                 Ice/Tmut       14%        N/A       38%         4
 Hailstorm                Conj/Ice       7%         3d4       69%         4
 Simulacrum               Ice/Necr       Unusable   N/A       N/A         6

Dungeon Overview and Level Annotations

Branches:
Dungeon (5/15)             Temple (1/1) D:4

Altars:
Ashenzari
Elyvilon
Fedhas
Gozag
Hepliaklqana
Kikubaaqudgha
Makhleb
Okawaru
Qazlal
Ru
Sif Muna
Trog
Wu Jian
Xom
Yredelemnul
Zin
The Shining One

Shops:
D:2 *

Annotations:
D:3 1 transporter


Innate Abilities, Weirdness & Mutations

You cannot wear most types of armour.
You are amphibious.
You can wear up to eight rings at the same time.
Your skin changes colour to match your surroundings (Stealth+).
Your rubbery body absorbs attacks. (AC +1, EV +1)
((You are camouflaged when in or above water. (Stealth+)))
You have tentacles for arms and can constrict up to eight enemies at once.


Message History

You howl as the wereblood boils in your veins!
Your primal bloodlust has ended.
You constrict the lemure, but do no damage.
The lemure misses you.
You hit the lemure. You squeeze the lemure.
You kill the lemure!
That felt strangely unrewarding.
There is a stone staircase leading down here.
Pikel shouts!
You hear a shout!
You barely miss Pikel. You grab Pikel.
You feel a little less agile now.
You constrict Pikel.
Pikel hits you with a +2 whip of electrocution.
You hit Pikel.
Pikel is moderately wounded.
You constrict Pikel, but do no damage.
An ufetubus comes into view.
Pikel hits you with a +2 whip of electrocution! x2
* * * LOW HITPOINT WARNING * * *
You feel much better.
You constrict Pikel.
Pikel cracks his whip.
Pikel zaps a wand.
The puff of flame hits you! The fire burns you terribly!
You slash Pikel!
Pikel is severely wounded.
You feel a little less mighty now.
You constrict Pikel. The ufetubus completely misses you.
The ufetubus misses you.
Pikel zaps a wand.
The puff of flame hits you! The fire burns you terribly!
* * * LOW HITPOINT WARNING * * *
You hit Pikel. You squeeze Pikel!
You kill Pikel!
You hit the ufetubus.
You hear the rapid rusting of a very distant drain.
The ufetubus misses you. The ufetubus hits you.
* * * LOW HITPOINT WARNING * * *
The ufetubus hits you.
* * * LOW HITPOINT WARNING * * *
The ufetubus barely misses you. The ufetubus hits you.
You die...
Your body crumbles into a pile of gold.

...'...............#
...#...............#
...#...##...########
..##...###'###.....#
####.........'.....##
...#####.....#......#
...#_..#....##.....#
...#...'....##.....##...
...#_..#......>.@$......
..######$........5.##..#
..##........##.....#
............##.....#
.......#######.......
..####'#.....#........
..#..........#.....##..
###..........####+## ..
#...............


You could see an ufetubus.

Vanquished Creatures
  Pikel (D:5)
  Menkaure (D:3)
  An ice beast (D:4)
  A centaur (D:5)
  4 lemures (D:5)
  Blork the orc (D:5)
  2 scorpions
  A wight (D:3)
  A crimson imp (D:5)
  2 orc priests
  A hound (D:4)
  A jelly (D:5)
  An iguana (D:5)
  An orc wizard (D:4)
  A hound skeleton (D:3)
  3 gnolls (D:4)
  3 adders
  A shadow imp (D:3)
  An ufetubus (D:5)
  2 worms
  3 dart slugs
  12 orcs
  3 endoplasms
  2 giant cockroaches
  7 goblins
  6 hobgoblins
  4 kobolds
  5 quokkas
  4 ball pythons
  A ball python skeleton (D:3)
  A ball python zombie (D:3)
  4 bats
  3 frilled lizards
  3 rats
88 creatures vanquished.

Notes
Turn   | Place    | Note
-------+----------+-------------------------------------------
     0 | D:1      | croobank the Octopode Transmuter began the quest for the
                  | Orb.
     0 | D:1      | Reached XP level 1. HP: 13/13 MP: 3/3
   348 | D:1      | Reached XP level 2. HP: 15/18 MP: 3/5
   400 | D:1      | Learned a level 2 spell: Wereblood
   856 | D:1      | Found a faded altar of an unknown god.
  1004 | D:2      | Found a stormy altar of Qazlal.
  1004 | D:2      | Found Zuarghus's Assorted Antiques.
  1032 | D:2      | Reached XP level 3. HP: 21/23 MP: 2/6
  1778 | D:3      | Found a transporter.
  1778 | D:3      | Found a transporter.
  1778 | D:3      | Noticed Menkaure
  1778 | D:3      | Noticed a wight
  1785 | D:3      | Killed a wight
  1786 | D:3      | Reached skill level 1 in Short Blades
  1786 | D:3      | Reached XP level 4. HP: 28/29 MP: 3/7
  1786 | D:3      | Found a basalt altar of Yredelemnul.
  1786 | D:3      | Found an ancient bone altar of Kikubaaqudgha.
  1790 | D:3      | Killed Menkaure
  1791 | D:3      | Reached skill level 1 in Ice Magic
  1791 | D:3      | Reached XP level 5. HP: 29/35 MP: 3/9
  1794 | D:3      | Reached XP level 6. HP: 37/41 MP: 4/10
  2097 | D:3      | Found a sacrificial altar of Ru.
  3133 | D:4      | Found a staircase to the Ecumenical Temple.
  3172 | Temple   | Entered the Ecumenical Temple
  3212 | Temple   | Became a worshipper of Gozag Ym Sagoz the Greedy
  3302 | D:4      | Reached XP level 7. HP: 45/45 MP: 11/11
  3307 | D:4      | Identified the ring "Ymetinwa" {rElec rC+ EV+4 Int-4}
  3820 | D:5      | Entered Level 5 of the Dungeon
  3824 | D:5      | Identified the +3 war axe "Hosuocix" {vorpal, rF- Dex+8
                  | Stlth+}
  3977 | D:5      | Noticed Blork the orc
  3983 | D:5      | Killed Blork the orc
  4411 | D:5      | Reached XP level 8. HP: 32/53 MP: 13/13
  4478 | D:5      | Found a shimmering altar of Xom.
  4478 | D:5      | Found a burning altar of Makhleb.
  4485 | D:5      | Noticed Pikel
  4515 | D:5      | Killed Pikel
  4515 | D:5      | Slain by an ufetubus

Illustrated notes

Levels and vault maps discovered:
D:1:      evilmike_arrival_crescent, layout_basic,
          shapermc_ecumenical_altar_mp_vishouse
D:2:      layout_basic, serial_shops, nicolae_shop_waterfront, basic_altar,
          kennysheep_generic_room_16
D:3:      layout_loops_ring, gammafunk_temple_of_torment, amcnicky_altar_gilded
D:4:      minmay_general_purpose_star, layout_cave_pools,
          minmay_temple_entry_ruins
D:5:      layout_gridville, grunt_temple_overflow_champion_of_chaos,
          portal_sewer_entry_b, uniq_blork_the_orc, uniq_pikel, uniq_menkaure
Temple:   hellmonk_temple_two_chambers

Skill      XL: |  1  2  3  4  5  6  7 |
---------------+----------------------+-----
Short Blades   | 1 2 3 |  3.4
Fighting       | 2 3 |  3.7
Dodging        | 3 4 |  4.2
Transmutations | 3 4 |  4.2
Ice Magic      | 1 2 |  2.2
Spellcasting   | 3 |  3.9
Unarmed Combat | |  3.1

Action                   |  1- 3 |  4- 6 |  7- 9 || total
-------------------------+-------+-------+-------++-------
Melee: Unarmed           |    24 |       |       ||    24
       Constrict         |    18 |    12 |    18 ||    48
       Kick              |    13 |    13 |    20 ||    46
       Tentacles         |     8 |     8 |    15 ||    31
       Punch             |     2 |     2 |     3 ||     7
       Dagger            |    27 |    48 |    23 ||    98
       War axe           |       |       |    35 ||    35
 Cast: Beastly Appendage |    21 |    11 |    11 ||    43
       Wereblood         |    12 |     9 |     9 ||    30
  Use: Scroll            |     3 |     7 |     5 ||    15
       Potion            |     2 |       |     3 ||     5
 Stab: Sleeping          |     3 |     4 |     1 ||     8
Armor: Skin              |     6 |     1 |     3 ||    10
Dodge: Dodged            |    27 |    20 |    52 ||    99
